[Event "CZE-tht Extraliga 2018-19"]
[Site "Czech Republic"]
[Date "2019.01.12"]
[Round "5"]
[White "Szotkowski, Jakub"]
[Black "Bures, Jaroslav"]
[Result "1/2-1/2"]
[ECO "D11"]
[WhiteElo "2357"]
[BlackElo "2388"]
[Annotator "NA"]
[PlyCount "73"]
[EventDate "2018.11.03"]
[EventType "team-tourn"]
[EventCountry "CZE"]
[SourceTitle "playchess.com"]
[Source "ChessBase"]
[SourceQuality "1"]
[WhiteTeam "Beskydska"]
[BlackTeam "Poruba"]
[TimeControl "40/5400+30:1800+30"]

1. d4 d5 2. c4 c6 3. Nf3 Nf6 4. e3 Bg4 5. Qb3 Qb6 6. Nc3 Nbd7 7. Bd2 e6 8. Nh4 g5 9. h3 Bh5 10. Nf3 h6 11. Na4 Qxb3 12. axb3 a6 $11 13. Rc1 Bd6 14. cxd5 exd5 15. Nc5 Bxc5 16. dxc5 Ne4 17. b4 Ke7 18. Nd4 a5 19. b5 Ndxc5 20. bxc6 bxc6 21. Bxa5 Rxa5 22. Nxc6+ Kd6 23. Nxa5 Rb8 24. g4 Rxb2 25. Rd1 Ke6 26. Bg2 Nxf2 27. Bxd5+ Ke7 28. Nc6+ Kd6 29. O-O Nxd1 30. Rxd1 Bg6 31. Bxf7+ Bd3 32. Bg6 Rb1 33. Rxb1 Bxb1 34. Bxb1 Kxc6 35. Kf2 Kd5 36. Kf3 Ke5 37. Bc2 1/2-1/2

[Event "CZE-tht Extraliga 2018-19"]
[Site "Czech Republic"]
[Date "2019.01.12"]
[Round "5"]
[White "Paszewski, Mateusz"]
[Black "Svoboda, Svatopluk"]
[Result "1/2-1/2"]
[ECO "B00"]
[WhiteElo "2333"]
[BlackElo "2438"]
[Annotator "NA"]
[PlyCount "68"]
[EventDate "2018.11.03"]
[EventType "team-tourn"]
[EventCountry "CZE"]
[SourceTitle "playchess.com"]
[Source "ChessBase"]
[SourceQuality "1"]
[WhiteTeam "Duras"]
[BlackTeam "Siesta"]
[TimeControl "40/5400+30:1800+30"]

1. e4 g6 2. d4 Bg7 3. Nf3 d6 4. Bc4 e6 5. O-O Ne7 6. Nbd2 d5 7. Bd3 O-O 8. c3 b6 9. exd5 exd5 10. Re1 Bf5 11. Bxf5 Nxf5 12. Ne5 Nd7 13. Ndf3 Re8 14. Bf4 Nf8 15. Qb3 Ne6 16. Bg3 f6 17. Nd3 Qd7 18. Rad1 c6 19. Nh4 Ng5 20. Nxf5 Qxf5 21. Nb4 Qd7 22. Qa4 Rec8 23. Re2 Bf8 24. Nd3 Ne4 25. Rde1 Qf5 26. Qd1 h5 27. Bf4 Kf7 28. f3 Nd6 29. h3 g5 30. g4 Qh7 31. Bg3 hxg4 32. hxg4 Qh3 33. Kf2 Qh7 34. Rh1 Qg6 1/2-1/2

[Event "CZE-tht Extraliga 2018-19"]
[Site "Czech Republic"]
[Date "2019.01.12"]
[Round "5"]
[White "Chytilek, Roman"]
[Black "Smid, Miroslav"]
[Result "1/2-1/2"]
[ECO "A06"]
[WhiteElo "2331"]
[BlackElo "2266"]
[Annotator "NA"]
[PlyCount "43"]
[EventDate "2018.11.03"]
[EventType "team-tourn"]
[EventCountry "CZE"]
[SourceTitle "playchess.com"]
[Source "ChessBase"]
[SourceQuality "1"]
[WhiteTeam "Duras"]
[BlackTeam "Siesta"]
[TimeControl "40/5400+30:1800+30"]

1. Nf3 d5 2. c4 e6 3. g3 Nf6 4. Bg2 Be7 5. O-O O-O 6. b3 c5 7. cxd5 Nxd5 8. Bb2 Nc6 9. Nc3 Nc7 10. Rc1 b6 11. Na4 Bb7 12. d4 Nxd4 13. Nxd4 Bxg2 14. Kxg2 cxd4 15. Qxd4 Qxd4 16. Bxd4 Nb5 17. Bb2 Rfd8 18. Rfd1 f6 19. f4 Kf7 20. Kf3 Rxd1 21. Rxd1 Rc8 22. Ke3 1/2-1/2

[Event "CZE-tht Extraliga 2018-19"]
[Site "Czech Republic"]
[Date "2019.01.12"]
[Round "5"]
[White "Sodoma, Jan"]
[Black "Priehoda, Vitezslav"]
[Result "1/2-1/2"]
[ECO "A06"]
[WhiteElo "2324"]
[BlackElo "2358"]
[Annotator "NA"]
[PlyCount "97"]
[EventDate "2018.11.03"]
[EventType "team-tourn"]
[EventCountry "CZE"]
[SourceTitle "playchess.com"]
[Source "ChessBase"]
[SourceQuality "1"]
[WhiteTeam "Turnov"]
[BlackTeam "Lysa nad Labem"]
[TimeControl "40/5400+30:1800+30"]

1. Nf3 d5 2. d4 e6 3. c4 c6 4. e3 f5 5. Be2 Nf6 6. O-O Bd6 7. b3 Qe7 8. Bb2 O-O 9. Ne5 Bd7 10. Nd2 Be8 11. Nd3 Nbd7 12. Nf3 Bh5 13. Nfe5 Bxe2 14. Qxe2 Rad8 15. a4 Ne4 16. f3 Ng5 17. b4 Bxe5 18. Nxe5 Nxe5 19. dxe5 dxc4 20. Qxc4 Rd2 21. Rf2 Rxf2 22. Kxf2 Rd8 23. Bd4 Nf7 24. f4 Rd5 25. g3 a6 26. Rd1 Qd7 27. Rd3 h6 28. Ke2 Nh8 29. Bc5 Ng6 30. e4 b5 31. axb5 axb5 32. Qc2 fxe4 33. Ra3 Qd8 34. Bd6 Ne7 35. Bxe7 Qxe7 36. Qxe4 Qe8 37. g4 Qd8 38. Rd3 Qh4 39. h3 Qe7 40. Ra3 Qd8 41. Qg6 Kh8 42. Kf3 Qh4 43. Ra8+ Rd8 44. Rxd8+ Qxd8 45. Kg3 Qd2 46. Qe4 Qc3+ 47. Kg2 Qd2+ 48. Kg3 Qc3+ 49. Kg2 1/2-1/2

[Event "CZE-tht Extraliga 2018-19"]
[Site "Czech Republic"]
[Date "2019.01.12"]
[Round "5"]
[White "Holemar, David"]
[Black "Kriebel, Tadeas"]
[Result "1/2-1/2"]
[ECO "D30"]
[WhiteElo "2302"]
[BlackElo "2519"]
[Annotator "ChessBase"]
[PlyCount "115"]
[EventDate "2018.11.03"]
[EventType "team-tourn"]
[EventCountry "CZE"]
[SourceTitle "playchess.com"]
[Source "ChessBase"]
[SourceQuality "1"]
[WhiteTeam "Brno"]
[BlackTeam "Novoborsky"]
[TimeControl "40/5400+30:1800+30"]

1. d4 d5 2. c4 e6 3. cxd5 exd5 4. Nc3 c6 5. Bf4 Bd6 6. Bg3 Nf6 7. e3 O-O 8. Bd3 Re8 9. Nge2 Bg4 10. Qc2 Bxe2 11. Nxe2 Qc7 12. O-O Nbd7 13. Rac1 a5 14. Qd2 Nb6 15. f3 Bxg3 16. Nxg3 Qd6 17. Qf2 Rad8 18. Nf5 Qe6 19. Rfe1 g6 20. Ng3 Qd6 21. Bb1 a4 22. a3 Nc4 23. e4 Qf4 24. e5 Nd7 25. Nf1 f5 26. g3 Qh6 27. f4 b5 28. h4 Nf8 29. Nh2 Ne6 30. Nf3 Qf8 31. h5 b4 32. Bd3 bxa3 33. Bxc4 dxc4 34. Rxc4 axb2 35. Qxb2 Rb8 36. Qa2 Rb3 37. Rf1 Ra3 38. Qc2 gxh5 39. Rxa4 Rxa4 40. Qxa4 Rc8 41. Qb3 Qf7 42. Rc1 Kh8 43. Kh2 Qd7 44. Qc4 h4 45. Nxh4 Nxd4 46. e6 Nxe6 47. Nxf5 Ng7 48. Nd4 Re8 49. Nf3 Re3 50. Rc3 Rxc3 51. Qxc3 Qd5 52. Ne5 c5 53. Nd3 Qh5+ 54. Kg2 Qd5+ 55. Kh2 Qh5+ 56. Kg2 Qd5+ 57. Kg1 Qf3 58. Kh2 1/2-1/2

[Event "CZE-tht Extraliga 2018-19"]
[Site "Czech Republic"]
[Date "2019.01.12"]
[Round "5"]
[White "Parizek, Vojtech"]
[Black "Stocek, Jiri"]
[Result "0-1"]
[ECO "B80"]
[WhiteElo "2277"]
[BlackElo "2587"]
[Annotator "ChessBase"]
[PlyCount "74"]
[EventDate "2018.11.03"]
[EventType "team-tourn"]
[EventCountry "CZE"]
[SourceTitle "playchess.com"]
[Source "ChessBase"]
[SourceQuality "1"]
[WhiteTeam "Siesta B"]
[BlackTeam "Pardubice"]
[TimeControl "40/5400+30:1800+30"]

1. e4 c5 2. Nf3 e6 3. d4 cxd4 4. Nxd4 Nc6 5. Nc3 d6 6. g3 Nf6 7. Bg2 Bd7 8. Nce2 Be7 9. O-O O-O 10. Re1 Rc8 11. b3 Nxd4 12. Nxd4 b5 13. Bb2 Qb6 14. Qd3 Rfd8 15. Rac1 a6 16. c4 Ng4 17. Qe2 Ne5 18. cxb5 axb5 19. a3 h6 20. Kh1 Bf6 21. Red1 Ng6 22. Nf3 Bxb2 23. Qxb2 e5 24. Rd3 Rxc1+ 25. Qxc1 Bc6 26. Qe3 Qb7 27. Ne1 Nf8 28. Nc2 Ne6 29. Nb4 Nd4 30. Rc3 Rc8 31. Qd3 Rc7 32. Nc2 Bxe4 33. Rxc7 Bxg2+ 34. Kg1 Nf3+ 35. Kxg2 Ne1+ 36. Kf1 Qh1+ 37. Ke2 Nxd3 0-1

[Event "CZE-tht Extraliga 2018-19"]
[Site "Czech Republic"]
[Date "2019.01.12"]
[Round "5"]
[White "Mitura, Vaclav"]
[Black "Koziol, Kamil"]
[Result "0-1"]
[ECO "A45"]
[WhiteElo "2155"]
[BlackElo "2285"]
[Annotator "NA"]
[PlyCount "106"]
[EventDate "2018.11.03"]
[EventType "team-tourn"]
[EventCountry "CZE"]
[SourceTitle "playchess.com"]
[Source "ChessBase"]
[SourceQuality "1"]
[WhiteTeam "Cesky Tesin"]
[BlackTeam "Ostrava"]
[TimeControl "40/5400+30:1800+30"]

1. d4 Nf6 2. Bf4 d5 3. e3 c5 4. Nf3 Nc6 5. Nc3 a6 6. dxc5 Bg4 7. Be2 e6 8. h3 Bh5 9. O-O Bxc5 10. a3 O-O 11. Ne5 Bxe2 12. Qxe2 Rc8 13. Rfd1 Nxe5 14. Bxe5 Nd7 15. Bg3 Qf6 16. Qg4 Ne5 17. Bxe5 Qxe5 18. Qf4 Bd6 19. Qxe5 Bxe5 20. Rd3 b5 21. Kf1 Rc4 22. Ke2 Rfc8 23. Kd2 d4 24. exd4 Bxd4 25. f3 Be5 26. Re1 f6 27. Re4 Rxe4 28. fxe4 Kf8 29. b3 Ke7 30. a4 Rc5 31. axb5 axb5 32. Ne2 Bd6 33. Rc3 Rg5 34. Rc6 Rxg2 35. Rb6 b4 36. Rb7+ Kd8 37. Kd3 Kc8 38. Rf7 e5 39. h4 h5 40. c3 Kd8 41. Rb7 g5 42. Rh7 Rh2 43. Rxh5 Rh3+ 44. Kc2 gxh4 45. cxb4 Bxb4 46. Nc1 Be1 47. Nd3 Rh2+ 48. Kd1 Bg3 49. Rh7 h3 50. Nc5 Rh1+ 51. Kd2 h2 52. Nb7+ Kc8 53. Nd6+ Kb8 0-1

[Event "CZE-tht Extraliga 2018-19"]
[Site "Czech Republic"]
[Date "2019.01.13"]
[Round "6"]
[White "Cernousek, Lukas"]
[Black "Polak, Tomas"]
[Result "1/2-1/2"]
[ECO "C95"]
[WhiteElo "2427"]
[BlackElo "2508"]
[Annotator "ChessBase"]
[PlyCount "61"]
[EventDate "2018.11.03"]
[EventType "team-tourn"]
[EventCountry "CZE"]
[SourceTitle "playchess.com"]
[Source "ChessBase"]
[SourceQuality "1"]
[WhiteTeam "Siesta"]
[BlackTeam "Brno"]
[TimeControl "40/5400+30:1800+30"]

1. e4 e5 2. Nf3 Nc6 3. Bb5 a6 4. Ba4 Nf6 5. O-O Be7 6. Re1 b5 7. Bb3 d6 8. c3 O-O 9. h3 Nb8 10. d4 Nbd7 11. Nbd2 Bb7 12. Bc2 Re8 13. Nf1 Bf8 14. Ng3 g6 15. a4 c5 16. d5 c4 17. Bg5 h6 18. Be3 Nc5 19. Qd2 h5 20. Bg5 Be7 21. Bh6 Nh7 22. Be3 Qc7 23. Qe2 Bf6 24. Nh2 Qe7 25. Nf3 Nf8 26. Bxc5 dxc5 27. Reb1 Qd7 28. Nd2 Reb8 29. b3 cxb3 30. Nxb3 c4 31. Nc5 1/2-1/2

[Event "CZE-tht Extraliga 2018-19"]
[Site "Czech Republic"]
[Date "2019.01.13"]
[Round "6"]
[White "Vlasak, Lukas"]
[Black "Kuba, Jindrich"]
[Result "1-0"]
[ECO "A46"]
[WhiteElo "2401"]
[BlackElo "2320"]
[Annotator "NA"]
[PlyCount "93"]
[EventDate "2018.11.03"]
[EventType "team-tourn"]
[EventCountry "CZE"]
[SourceTitle "playchess.com"]
[Source "ChessBase"]
[SourceQuality "1"]
[WhiteTeam "Turnov"]
[BlackTeam "Siesta B"]
[TimeControl "40/5400+30:1800+30"]

1. d4 Nf6 2. Nf3 e6 3. Bf4 d5 4. e3 Nbd7 5. Nbd2 Be7 6. Bd3 Nh5 7. Be5 Nxe5 8. dxe5 g6 9. c3 c5 10. g4 Ng7 11. h3 Bd7 12. Qe2 Qb6 13. O-O-O O-O-O 14. h4 h5 15. Ng5 Rdf8 16. gxh5 Nxh5 17. Rdg1 Qc7 18. Nxf7 Rxf7 19. Bxg6 Rff8 20. Bxh5 Qxe5 21. Bg4 Qf6 22. f4 Rxh4 23. Rxh4 Qxh4 24. Nf3 Qh6 25. Ne5 Be8 26. Qf3 Kb8 27. Rh1 Qg7 28. Qh3 Bd6 29. Qh6 Bxe5 30. Qxe6 Bc6 31. Qxe5+ Qxe5 32. fxe5 Re8 33. Rh5 Rg8 34. Rh4 Re8 35. e6 Kc7 36. b4 Kd6 37. Kd2 b6 38. Rh7 Re7 39. bxc5+ bxc5 40. Rh6 Bb7 41. Rh8 Kc7 42. Bh3 Bc8 43. Rh6 Kd6 44. c4 Bxe6 45. Kc3 dxc4 46. a4 Kd7 47. Rxe6 1-0

[Event "CZE-tht Extraliga 2018-19"]
[Site "Czech Republic"]
[Date "2019.01.13"]
[Round "6"]
[White "Bures, Jaroslav"]
[Black "Wiewiora, Eneasz"]
[Result "1/2-1/2"]
[ECO "C63"]
[WhiteElo "2388"]
[BlackElo "2354"]
[Annotator "NA"]
[PlyCount "41"]
[EventDate "2018.11.03"]
[EventType "team-tourn"]
[EventCountry "CZE"]
[SourceTitle "playchess.com"]
[Source "ChessBase"]
[SourceQuality "1"]
[WhiteTeam "Poruba"]
[BlackTeam "Cesky Tesin"]
[TimeControl "40/5400+30:1800+30"]

1. e4 e5 2. Nf3 Nc6 3. Bb5 f5 4. d3 fxe4 5. dxe4 Nf6 6. Qd3 Bc5 7. Nc3 d6 8. Nd5 O-O 9. Bg5 Nb4 10. Nxf6+ Qxf6 11. Qc4+ Qf7 12. Be3 Be6 13. Qe2 Bxe3 14. fxe3 h6 15. O-O Qe7 16. a3 Nc6 17. Rf2 Rf6 18. Raf1 a6 19. Bc4 Bxc4 20. Qxc4+ Qf7 21. Qxf7+ 1/2-1/2

[Event "CZE-tht Extraliga 2018-19"]
[Site "Czech Republic"]
[Date "2019.01.13"]
[Round "6"]
[White "Jasny, Stanislav"]
[Black "Talla, Vladimir"]
[Result "1/2-1/2"]
[ECO "D20"]
[WhiteElo "2371"]
[BlackElo "2399"]
[Annotator "NA"]
[PlyCount "61"]
[EventDate "2018.11.03"]
[EventType "team-tourn"]
[EventCountry "CZE"]
[SourceTitle "playchess.com"]
[Source "ChessBase"]
[SourceQuality "1"]
[WhiteTeam "Beskydska"]
[BlackTeam "Ostrava"]
[TimeControl "40/5400+30:1800+30"]

1. d4 d5 2. c4 dxc4 3. e4 Nc6 4. Nf3 Bg4 5. d5 Ne5 6. Bf4 Ng6 7. Be3 e6 8. Qa4+ Qd7 9. Qxd7+ Kxd7 10. Ng5 Ne5 11. f4 h6 12. fxe5 hxg5 13. Bxc4 f6 14. Nc3 exd5 15. exd5 fxe5 16. O-O Nf6 17. Rac1 a6 18. Bxg5 Bc5+ 19. Kh1 Raf8 20. Bxf6 gxf6 21. Ne4 Be7 22. d6 cxd6 23. Bd5 Rc8 24. Bxb7 Rxc1 25. Rxc1 Rb8 26. Bxa6 f5 27. Nf2 Rxb2 28. Nxg4 fxg4 29. Bc8+ Ke8 30. Bxg4 Rxa2 31. Bf3 1/2-1/2

[Event "CZE-tht Extraliga 2018-19"]
[Site "Czech Republic"]
[Date "2019.01.13"]
[Round "6"]
[White "Studnicka, Tomas"]
[Black "Pokorny, Petr"]
[Result "1/2-1/2"]
[ECO "A06"]
[WhiteElo "2309"]
[BlackElo "2219"]
[Annotator "NA"]
[PlyCount "60"]
[EventDate "2018.11.03"]
[EventType "team-tourn"]
[EventCountry "CZE"]
[SourceTitle "playchess.com"]
[Source "ChessBase"]
[SourceQuality "1"]
[WhiteTeam "Turnov"]
[BlackTeam "Siesta B"]
[TimeControl "40/5400+30:1800+30"]

1. Nf3 d5 2. d4 c6 3. Bg5 h6 4. Bh4 Qb6 5. b3 Bf5 6. e3 Nd7 7. Bd3 Bxd3 8. Qxd3 e6 9. O-O Be7 10. Bxe7 Nxe7 11. Nbd2 Nf6 12. c4 O-O 13. Rab1 a5 14. Rfc1 Qa6 15. Ne5 Rac8 16. a3 b6 17. b4 Rfd8 18. cxd5 Qxd3 19. Nxd3 cxd5 20. bxa5 bxa5 21. Kf1 Rxc1+ 22. Rxc1 Rc8 23. Rc5 Rxc5 24. Nxc5 Nc6 25. Ndb3 Ne8 26. Nb7 Nc7 27. N3c5 Kf8 28. Ke2 Ke7 29. Kd3 Nb5 30. a4 Nd6 1/2-1/2

[Event "CZE-tht Extraliga 2018-19"]
[Site "Czech Republic"]
[Date "2019.01.13"]
[Round "6"]
[White "Rehorek, Martin"]
[Black "Cech, Pavel"]
[Result "1/2-1/2"]
[ECO "C02"]
[WhiteElo "2282"]
[BlackElo "2336"]
[Annotator "NA"]
[PlyCount "62"]
[EventDate "2018.11.03"]
[EventType "team-tourn"]
[EventCountry "CZE"]
[SourceTitle "playchess.com"]
[Source "ChessBase"]
[SourceQuality "1"]
[WhiteTeam "Siesta B"]
[BlackTeam "Turnov"]
[TimeControl "40/5400+30:1800+30"]

1. e4 e6 2. d4 d5 3. e5 c5 4. c3 Nc6 5. Nf3 Bd7 6. Be2 Nge7 7. h4 cxd4 8. cxd4 Qb6 9. Na3 Nf5 10. Nc2 h5 11. O-O Be7 12. g3 Rc8 13. Rb1 Nb4 14. Nxb4 Bxb4 15. b3 Bb5 16. Bb2 Qa6 17. Bxb5+ Qxb5 18. a3 Be7 19. a4 Qb6 20. Qd3 O-O 21. Rfc1 Rc6 22. Rc2 Rfc8 23. Rbc1 g6 24. Kg2 Kg7 25. Kf1 Qb4 26. Kg2 Bd8 27. Rxc6 Rxc6 28. Rxc6 bxc6 29. Qc3 Be7 30. Qxb4 Bxb4 31. Kf1 c5 1/2-1/2

[Event "CZE-tht Extraliga 2018-19"]
[Site "Czech Republic"]
[Date "2019.01.13"]
[Round "6"]
[White "Smid, Miroslav"]
[Black "Vymazal, Bronislav"]
[Result "1-0"]
[ECO "A15"]
[WhiteElo "2261"]
[BlackElo "2358"]
[Annotator "NA"]
[PlyCount "61"]
[EventDate "2018.11.03"]
[EventType "team-tourn"]
[EventCountry "CZE"]
[SourceTitle "playchess.com"]
[Source "ChessBase"]
[SourceQuality "1"]
[WhiteTeam "Siesta"]
[BlackTeam "Brno"]
[TimeControl "40/5400+30:1800+30"]

1. c4 Nf6 2. g3 e5 3. Bg2 c6 4. d4 e4 5. Nc3 d5 6. cxd5 cxd5 7. f3 Bb4 8. Bg5 Bf5 9. Qb3 Nc6 10. e3 O-O 11. Nge2 exf3 12. Bxf3 Bd3 13. O-O Bc4 14. Qc2 Be7 15. b3 Bxe2 16. Qxe2 Ne4 17. Bxe4 dxe4 18. Bxe7 Qxe7 19. Qg4 Rae8 20. Rf4 g6 21. Nd5 Qd8 22. Nf6+ Kh8 23. Qh4 h5 24. Qg5 Kg7 25. Nxh5+ Kh7 26. Nf6+ Kg7 27. Nxe8+ Rxe8 28. Qc5 Qd7 29. Raf1 Re7 30. Qg5 Nb4 31. Qf6+ 1-0

[Event "CZE-tht Extraliga 2018-19"]
[Site "Czech Republic"]
[Date "2019.01.13"]
[Round "6"]
[White "Bartos, Jan"]
[Black "Sodoma, Jan"]
[Result "1/2-1/2"]
[ECO "E12"]
[WhiteElo "2178"]
[BlackElo "2324"]
[Annotator "NA"]
[PlyCount "48"]
[EventDate "2018.11.03"]
[EventType "team-tourn"]
[EventCountry "CZE"]
[SourceTitle "playchess.com"]
[Source "ChessBase"]
[SourceQuality "1"]
[WhiteTeam "Siesta B"]
[BlackTeam "Turnov"]
[TimeControl "40/5400+30:1800+30"]

1. Nf3 Nf6 2. d4 e6 3. c4 b6 4. a3 Bb7 5. Nc3 d5 6. cxd5 Nxd5 7. Nxd5 Bxd5 8. Qc2 Bb7 9. Bf4 Bd6 10. Bxd6 cxd6 11. e3 O-O 12. Be2 Nd7 13. O-O Nf6 14. Rfc1 Qd7 15. Qc7 Rfc8 16. Qxd7 Nxd7 17. Nd2 Kf8 18. Bf3 Bxf3 19. Nxf3 Ke7 20. Kf1 Nf6 21. Ke2 Ne4 22. Nd2 Nxd2 23. Kxd2 Kd7 24. Rxc8 Rxc8 1/2-1/2

[Event "CZE-tht Extraliga 2018-19"]
[Site "Czech Republic"]
[Date "2019.01.13"]
[Round "6"]
[White "Krajina, Ales"]
[Black "Rabatin, Jakub"]
[Result "0-1"]
[ECO "A00"]
[WhiteElo "2121"]
[BlackElo "2319"]
[Annotator "NA"]
[PlyCount "72"]
[EventDate "2018.11.03"]
[EventType "team-tourn"]
[EventCountry "CZE"]
[SourceTitle "playchess.com"]
[Source "ChessBase"]
[SourceQuality "1"]
[WhiteTeam "Ostrava"]
[BlackTeam "Beskydska"]
[TimeControl "40/5400+30:1800+30"]

1. h4 c5 2. h5 h6 3. c3 Nf6 4. d4 cxd4 5. cxd4 d5 6. Nf3 Nc6 7. Nc3 Bf5 8. Bf4 a6 9. Rc1 e6 10. a3 Bd6 11. Ne5 Bxe5 12. Bxe5 Nxe5 13. dxe5 Nd7 14. Qd4 Qc7 15. f4 O-O 16. e3 Rac8 17. Be2 Nc5 18. Qb4 b5 19. Kf2 Rfd8 20. g4 Bxg4 21. Qd4 Bxe2 22. Nxe2 Qe7 23. Qd1 Ne4+ 24. Kf3 f6 25. exf6 Qxf6 26. Qd4 Qf7 27. Qe5 Nd2+ 28. Kf2 Nc4 29. Qc3 Nd6 30. Qe5 Rxc1 31. Rxc1 Nc4 32. Qc3 Qxh5 33. b3 Nd6 34. Ng3 Ne4+ 35. Nxe4 dxe4 36. Rg1 Qf3+ 0-1

[Event "CZE-tht Extraliga 2018-19"]
[Site "Czech Republic"]
[Date "2019.02.09"]
[Round "7"]
[White "Markowski, Tomasz"]
[Black "Simacek, Pavel"]
[Result "1/2-1/2"]
[ECO "A46"]
[WhiteElo "2550"]
[BlackElo "2479"]
[Annotator "ChessBase"]
[PlyCount "128"]
[EventDate "2018.11.03"]
[EventType "team-tourn"]
[EventCountry "CZE"]
[SourceTitle "playchess.com"]
[Source "ChessBase"]
[SourceQuality "1"]
[WhiteTeam "Poruba"]
[BlackTeam "Turnov"]
[TimeControl "40/5400+30:1800+30"]

1. d4 Nf6 2. Nf3 e6 3. e3 b6 4. Bd3 Bb7 5. O-O Be7 6. c4 O-O 7. Nc3 d5 8. cxd5 exd5 9. b3 Nbd7 10. Bb2 Ne4 11. Qc2 Ndf6 12. Rac1 Nxc3 13. Qxc3 Bd6 14. b4 Ne4 15. Qb3 a5 16. a3 Qe8 17. b5 a4 18. Qc2 Qe7 19. Ra1 f6 20. Rfc1 Rfc8 21. Nd2 Nxd2 22. Qxd2 c5 23. bxc6 Bxc6 24. g3 Bd7 25. Rcb1 Rc7 26. Bc3 Rac8 27. Bb4 Bxb4 28. Rxb4 Rc3 29. Ba6 R8c7 30. Rxb6 Bh3 31. Qd1 g6 32. Bf1 Bxf1 33. Qxf1 Kg7 34. Rb4 R7c4 35. Qb1 Kh6 36. Rxc4 dxc4 37. e4 g5 38. Qb6 Kg7 39. e5 fxe5 40. Re1 e4 41. d5 Rd3 42. Qc6 e3 43. Qxc4 exf2+ 44. Kxf2 Rd2+ 45. Re2 Rxe2+ 46. Qxe2 Qc5+ 47. Kf3 Qxd5+ 48. Kg4 Qd4+ 49. Kh5 Qf6 50. Qe4 Qh6+ 51. Kg4 Qxh2 52. Qe7+ Kg6 53. Qxg5+ Kf7 54. Qf4+ Kg6 55. Qe4+ Kf6 56. Qc6+ Ke5 57. Qe8+ Kf6 58. Qf8+ Kg6 59. Qg8+ Kf6 60. Qg5+ Kf7 61. Qf5+ Kg7 62. Qe5+ Kg6 63. Qe8+ Kf6 64. Qc6+ Ke5 1/2-1/2

[Event "CZE-tht Extraliga 2018-19"]
[Site "Czech Republic"]
[Date "2019.02.09"]
[Round "7"]
[White "Ftacnik, Lubomir"]
[Black "Kempinski, Robert"]
[Result "1-0"]
[ECO "A47"]
[WhiteElo "2500"]
[BlackElo "2578"]
[Annotator "ChessBase"]
[PlyCount "97"]
[EventDate "2018.11.03"]
[EventType "team-tourn"]
[EventCountry "CZE"]
[SourceTitle "playchess.com"]
[Source "ChessBase"]
[SourceQuality "1"]
[WhiteTeam "Turnov"]
[BlackTeam "Poruba"]
[TimeControl "40/5400+30:1800+30"]

1. d4 Nf6 2. Nf3 b6 3. c4 Bb7 4. Nc3 e6 5. a3 d5 6. cxd5 Nxd5 7. Qc2 Be7 8. e4 Nxc3 9. bxc3 O-O 10. Bd3 c5 11. O-O Qc7 12. Qe2 Rd8 13. Bb2 Nd7 14. Rad1 Rac8 15. e5 c4 16. Bb1 b5 17. h4 Nb6 18. Bc1 Nd5 19. Qc2 g6 20. Bg5 Bxg5 21. Nxg5 Qe7 22. Qc1 h6 23. Ne4 Qxh4 24. g3 Qh3 25. f3 Ne7 26. Nf6+ Kg7 27. Rd2 Ng8 28. Qe1 Nxf6 29. exf6+ Kxf6 30. Rh2 Qxh2+ 31. Kxh2 Bd5 32. Be4 h5 33. Qe3 a6 34. Qf4+ Kg7 35. Kg2 Rd7 36. g4 Rh8 37. g5 Rc8 38. Re1 Kg8 39. Kg3 Rc6 40. Qb8+ Kg7 41. Bxd5 Rxd5 42. Re5 Rcd6 43. f4 a5 44. a4 bxa4 45. Qc7 a3 46. Qxc4 Rxe5 47. fxe5 Rb6 48. Qa4 Rb1 49. Qxa3 1-0

[Event "CZE-tht Extraliga 2018-19"]
[Site "Czech Republic"]
[Date "2019.02.09"]
[Round "7"]
[White "Jaracz, Pawel"]
[Black "Kanovsky, David"]
[Result "1-0"]
[ECO "C07"]
[WhiteElo "2464"]
[BlackElo "2424"]
[Annotator "ChessBase"]
[PlyCount "51"]
[EventDate "2018.11.03"]
[EventType "team-tourn"]
[EventCountry "CZE"]
[SourceTitle "playchess.com"]
[Source "ChessBase"]
[SourceQuality "1"]
[WhiteTeam "Turnov"]
[BlackTeam "Poruba"]
[TimeControl "40/5400+30:1800+30"]

1. e4 e6 2. d4 d5 3. Nd2 c5 4. Ngf3 a6 5. dxc5 Bxc5 6. Bd3 Nc6 7. O-O Nge7 8. exd5 exd5 9. Nb3 Bb6 10. Re1 Bg4 11. Be3 d4 12. Bf4 h6 13. h3 Be6 14. Ne5 O-O 15. Qh5 Nxe5 16. Bxe5 Bxb3 17. axb3 Nc6 18. Qf5 g6 19. Qf3 Re8 20. Bf6 Qd7 21. Qf4 Kh7 22. h4 Nb4 23. Be4 Re6 24. c3 Bc7 25. Qg4 Rae8 26. h5 1-0

[Event "CZE-tht Extraliga 2018-19"]
[Site "Czech Republic"]
[Date "2019.02.09"]
[Round "7"]
[White "Vykouk, Jan"]
[Black "Bobras, Piotr"]
[Result "1-0"]
[ECO "B90"]
[WhiteElo "2438"]
[BlackElo "2488"]
[Annotator "ChessBase"]
[PlyCount "80"]
[EventDate "2018.11.03"]
[EventType "team-tourn"]
[EventCountry "CZE"]
[SourceTitle "playchess.com"]
[Source "ChessBase"]
[SourceQuality "1"]
[WhiteTeam "Turnov"]
[BlackTeam "Poruba"]
[TimeControl "40/5400+30:1800+30"]

1. e4 c5 2. Nf3 d6 3. d4 cxd4 4. Nxd4 Nf6 5. Nc3 a6 6. Be3 e5 7. Nb3 Be7 8. f3 Be6 9. Qd2 O-O 10. O-O-O Nbd7 11. g4 b5 12. g5 b4 13. Ne2 Ne8 14. f4 a5 15. f5 Bxb3 16. cxb3 a4 17. Kb1 axb3 18. Nc1 bxa2+ 19. Ka1 Qc8 20. Nb3 Bd8 21. Rc1 Qb7 22. Bc4 Bb6 23. Bd5 Bxe3 24. Qxe3 Qa7 25. Qh3 Rd8 26. Rhg1 Nb6 27. g6 Nf6 28. gxf7+ Kh8 29. Qg2 Rxf7 30. Bxf7 Qxf7 31. Rc6 Na4 32. Qc2 Nc5 33. Nxc5 dxc5 34. Rxc5 b3 35. Qe2 Qa7 36. Rgc1 h6 37. R5c3 Rd4 38. Rc7 Qa5 39. Rc8+ Rd8 40. Qe1 Qb6 1-0

[Event "CZE-tht Extraliga 2018-19"]
[Site "Czech Republic"]
[Date "2019.02.09"]
[Round "7"]
[White "Londyn, Radek"]
[Black "Vlasak, Lukas"]
[Result "1/2-1/2"]
[ECO "B23"]
[WhiteElo "2399"]
[BlackElo "2416"]
[Annotator "NA"]
[PlyCount "85"]
[EventDate "2018.11.03"]
[EventType "team-tourn"]
[EventCountry "CZE"]
[SourceTitle "playchess.com"]
[Source "ChessBase"]
[SourceQuality "1"]
[WhiteTeam "Poruba"]
[BlackTeam "Turnov"]
[TimeControl "40/5400+30:1800+30"]

1. e4 c5 2. Nc3 g6 3. d4 Bg7 4. d5 d6 5. Bb5+ Bd7 6. a4 Nf6 7. Nf3 O-O 8. h3 Na6 9. O-O Nc7 {[%emt 0:03:30] A43: Schmid Benoni} 10. Bxd7 (10. Bc4 a6 11. e5 dxe5 12. Nxe5 Be8 13. Bf4 b5 14. axb5 axb5 15. Rxa8 Qxa8 16. Nf3 bxc4 17. Bxc7 {½-½ (44) Wang,Y (2716)-Malakhov,V (2732) Ningbo 2010}) 10... Nxd7 {[%emt 0:07:36] LiveBook: 7 Games} 11. Bg5 a6 $146 ({Predecessor:} 11... h6 12. Be3 a6 13. a5 Rb8 14. Qe2 b5 15. axb6 Rxb6 16. Na4 Rb8 17. c4 {½-½ (44) Herder,D (2251)-Huber,G (2243) Richmond 2002}) 12. Qd2 Re8 13. a5 Nb5 14. Nd1 Nd4 15. Nxd4 cxd4 16. f3 Qc7 17. Ra2 Rac8 18. b3 e6 $11 19. dxe6 fxe6 20. Nf2 Qc3 21. Qd1 Qc6 22. Kh1 Qb5 23. Bd2 Nf6 24. Nd3 e5 25. Re1 d5 26. Ra4 dxe4 27. fxe4 Qd7 28. Kg1 Qc6 29. Rc4 Qd7 30. Nb2 Qe6 31. Rxc8 Rxc8 32. Nc4 Nd7 33. Qg4 Qxg4 34. hxg4 Rc6 35. g5 b5 36. axb6 Nxb6 37. Nxb6 Rxb6 38. Ra1 d3 39. cxd3 Rxb3 40. Rxa6 Rxd3 41. Ra8+ Kf7 42. Ra7+ Kg8 43. Ra8+ 1/2-1/2